 Dungeon Crawl Stone Soup version 0.27-a0-1431-gcffa5a9b16 (webtiles) character file.

Game seed: 3824024650645477655

2 barkas the Caller (level 1, -2/15 HPs)
             Began as a Naga Summoner on July 2, 2021.
             Slain by a jackal (3 damage)
             ... on level 1 of the Dungeon.
             The game lasted 00:01:16 (375 turns).

barkas the Caller (Naga Summoner)                    Turns: 375, Time: 00:01:16

Health: -2/15      AC:  1    Str: 10    XL:     1   Next: 40%
Magic:  1/3        EV:  9    Int: 15    God:
Gold:   4          SH:  0    Dex: 11    Spells: 3/4 levels left

rFire    . . .     SeeInvis +   (no weapon)
rCold    . . .     Faith    .   (no shield)
rNeg     . . .     Spirit   .   a - +0 robe
rPois    +         Reflect  .   (no helmet)
rElec    .         Harm     .   (no cloak)
rCorr    .         Rampage  .   (no gloves)
Will     .....                  (no barding)
Stlth    ++........             (no amulet)
HPRegen  0.05/turn              (no ring)
MPRegen  0.08/turn              (no ring)

@: very slow
A: AC +0, large, see invisible, deformed body, poison resistance, slowness 2,
spit poison 1, naga tail 1
a: Spit Poison


You were on level 1 of the Dungeon.
You visited 1 branch of the dungeon, and saw 1 of its levels.

You collected 4 gold pieces.

Inventory:

Armour
 a - a +0 robe (worn)
 c - a +0 kite shield


   Skills:
 + Level 0.2 Fighting
 - Level 1.5 Dodging
 + Level 3.1 Stealth
 - Level 2.0 Spellcasting
 + Level 4.0 Summonings


You had 3 spell levels left.
You knew the following spells:

 Your Spells              Type           Power      Damage    Failure   Level
a - Summon Small Mammal   Summ           52%        N/A       4%          1

Your spell library contained the following spells:

 Spells                   Type           Power      Damage    Failure   Level
 Call Imp                 Summ           13%        N/A       6%          2
 Call Canine Familiar     Summ           13%        N/A       13%         3
 Summon Guardian Golem    Hex/Summ       7%         N/A       28%         3
 Gell's Gravitas          Tloc           0%         N/A       54%         3
 Lesser Beckoning         Tloc           0%         N/A       54%         3
 Teleport Other           Tloc           1%         N/A       54%         3
 Summon Ice Beast         Ice/Summ       7%         N/A       67%         4
 Summon Lightning Spire   Summ/Air       7%         N/A       67%         4


Dungeon Overview and Level Annotations

Branches:
Dungeon (1/15)

Altars:

Annotations:
D:1 exclusion: 2 jackals


Innate Abilities, Weirdness & Mutations

Your serpentine skin is tough. (AC +0)
You have supernaturally acute eyesight. (SInv)
Armour fits poorly on your strangely shaped body.
Your system is resistant to poisons. (rPois)
You cover ground very slowly.
You can spit poison.
You have a snake-like lower body.


Message History

Your rat completely misses the jackal.
The jackal bites you.
* * * LOW HITPOINT WARNING * * *
An endoplasm comes into view.
You swap places.
The jackal barely misses your rat.
Your rat barely misses the jackal.
Your rat bites the jackal but does no damage.
The endoplasm hits your rat.
Your rat dies!
Your rat's corpse disappears in a puff of smoke!
The jackal bites your rat.
Your rat dies!
Your rat's corpse disappears in a puff of smoke!
Unknown command.
Press: ? - help, Shift-Dir - straight line, f/p - jackal
Aim: a jackal (heavily wounded)
The splash of poison hits the jackal.
The jackal is almost dead.
The jackal bites you but does no damage.
Unknown command.
Casting: Summon Small Mammal (safe; 4% risk of failure)
Confirm with . or Enter, or press ? or * to list all spells.
The ball python hisses angrily.
The jackal barely misses you.
It was a potion of magic.
Magic courses through your body.
You have got your breath back.
The jackal bites you but does no damage.
The jackal completely misses you.
You swap places.
Your bat barely misses the jackal.
Your bat hits the jackal.
The jackal dies!
Your bat barely misses the jackal.
The jackal bites your bat.
Your bat misses the jackal.
Casting: Summon Small Mammal (safe; 4% risk of failure)
Confirm with . or Enter, or press ? or * to list all spells.
Your bat misses the jackal. The jackal bites your bat.
Your bat dies!
Your bat's corpse disappears in a puff of smoke!
Casting: Summon Small Mammal (safe; 4% risk of failure)
Confirm with . or Enter, or press ? or * to list all spells.
The jackal bites you.
You die...

.....#...#.......
[.....#.#.....#..
.......#.........
..#......#.#..#.#
#.#.#......#..#.#
#.#........##.#..
#.............#..
##############.......#..
#..SJ†h@bb...........+..
#.############.......#..
#.# #.......#.. ...
#.......#.. .....
######...... ♣.....# ###
#........... ♣.....#
###..##...........
...h...
...PP#.....♣.♣...
♣###.#.##
P.♣.#.....♣.♣...


You could see an endoplasm, a jackal (ally target), a ball python and 2 friendly
bats.

Vanquished Creatures
  A frilled lizard (D:1)
1 creature vanquished.

Vanquished Creatures (collateral kills)
  An endoplasm (D:1)
  A jackal (D:1)
2 creatures vanquished.

Vanquished Creatures (others)
  A plant (D:1)
1 creature vanquished.

Grand Total: 4 creatures vanquished

Notes
Turn   | Place    | Note
-------+----------+-------------------------------------------
     0 | D:1      | barkas the Naga Summoner began the quest for the Orb.
     0 | D:1      | Reached XP level 1. HP: 15/15 MP: 3/3
   375 | D:1      | Slain by a jackal

Illustrated notes

Levels and vault maps discovered:
D:1:      scummos_arrival_star, layout_basic, serial_forest,
          infiniplex_forest_join, infiniplex_forest_clump_curved,
          infiniplex_forest_clump_diagonal, infiniplex_forest_end_1,
          infiniplex_forest_straight_1, infiniplex_forest_lined_room_3,
          infiniplex_forest_clump_C, infiniplex_forest_clump_small,
          ebering_ecumenical_altar_abandoned, dk_noncrumbling_4,
          minmay_misc_feat_tower

Action                   || total
-------------------------++-------
Melee: Unarmed           ||     7
 Cast: Summon Small Mamm ||     7
 Abil: Spit Poison       ||     4
  Use: Potion            ||     1
Armor: Robe              ||     2
Dodge: Dodged            ||     7

Table legend: (Time is in decaauts)
 A = Elapsed time spent in this place.
 B = Non-inter-level travel time spent in this place.
 C = Inter-level travel time spent in this place.
 D = Time resting spent in this place.
 E = Time spent auto-exploring this place.
 F = Levels seen in this place.
 G = Mean time per level.
                   A        B        C        D        E       F      G
               +--------+--------+--------+--------+--------+-----+--------+
         Total |    493 |    493 |      0 |     55 |    309 |   1 |  493.0 |
       Dungeon |    493 |    493 |      0 |     55 |    309 |   1 |  493.0 |
               +--------+--------+--------+--------+--------+-----+--------+

Top non-repeatable levels by time:
     D:1: 493 daAuts
